 Dungeon Crawl Stone Soup version 0.29.1-2-gbd0b4ee654 (webtiles) character file.

Game seed: 8485908599343935861

263 qeuew the Slasher (level 6, 0/46 HPs)
             Began as a Merfolk Gladiator on Nov 2, 2022.
             Succumbed to a scorpion's poison
             ... on level 5 of the Dungeon.
             The game lasted 00:07:14 (3924 turns).

qeuew the Slasher (Merfolk Gladiator)               Turns: 3924, Time: 00:07:15

Health: 0/46       AC:  6    Str: 13 (14) XL:     6   Next: 19%
Magic:  6/6        EV: 13    Int:  7      God:
Gold:   130        SH:  0    Dex: 18      Spells: 5/5 levels left

rFire   . . .      SeeInvis .   a - +0 long sword (vorpal)
rCold   . . .      Faith    .   (no shield)
rNeg    . . .      Spirit   .   i - +0 ring mail
rPois   .          Reflect  .   c - +0 helmet
rElec   .          Harm     .   (no cloak)
rCorr   .          Rampage  .   (no gloves)
Will    .....                   (no boots)
Stlth   +.........              (no amulet)
HPRegen 0.15/turn               (no ring)
MPRegen 0.10/turn               (no ring)

@: lethally poisoned (0 -> -12)
A: (nimble swimmer 2), mertail
a: no special abilities


You were on level 5 of the Dungeon.
You visited 1 branch of the dungeon, and saw 5 of its levels.

You collected 130 gold pieces.

Inventory:

Hand Weapons
 a - a +0 vorpal long sword (weapon)
Missiles
 d - 2 throwing nets (quivered)
 e - a javelin
Armour
 c - a +0 helmet (worn)
 i - a +0 ring mail (worn)
Scrolls
 f - a scroll of identify
 h - 2 scrolls of teleportation
 m - a scroll of amnesia


   Skills:
 + Level 2.9 Fighting
 + Level 5.6 Long Blades
 + Level 2.1 Throwing
 * Level 2.5 Armour
 + Level 5.1 Dodging
 + Level 0.2 Stealth


You had 5 spell levels left.
You didn't know any spells.
Your spell library contained the following spells:

 Spells                   Type           Power      Damage    Failure   Level
 Shock                    Conj/Air       0%         1d3       67%         1
 Slow                     Hex            0%         N/A       67%         1
 Blink                    Tloc           0%         N/A       82%         2
 Confusing Touch          Hex            0%         N/A       96%         3
 Lesser Beckoning         Tloc           0%         N/A       96%         3
 Swiftness                Air            0%         N/A       96%         3
 Vampiric Draining        Necr           0%         2d6       96%         3
 Airstrike                Air            0%         2d(0-16)  100%        4
 Manifold Assault         Tloc           0%         N/A       100%        5


Dungeon Overview and Level Annotations

Branches:
Dungeon (5/15)
 Temple: D:4-7

Altars:
Ru

Annotations:
D:3 3 runed translucent doors, Icepheonix32's ghost, amateur DENe


Innate Abilities, Weirdness & Mutations

((You are very nimble when in or above water. (Stealth+, EV+, Speed+++)))
Your lower body shifts to a powerful aquatic tail in water.


Message History

A worm comes into view.
The gnoll bouda gazes fiercely through you!
You feel your attacks grow feeble.
Found a scroll of identify and 5 poisoned darts.
Your extra speed is starting to run out.
Your attacks no longer feel as feeble.
You feel yourself slow down.
Found a robe.
Found a stone staircase leading down.
There is a stone staircase leading down here.
You climb downwards.
There is a stone staircase leading up here.
Throw: 3 throwing nets
Press: ? - help, Q - select action, (/) - cycle Shift-Dir - straight line, f - scorpion
Aim: a scorpion (63% to hit)
You throw a throwing net. The throwing net hits the scorpion.
The scorpion is caught in the net!
The scorpion struggles against the net.
The scorpion struggles against the net.
The scorpion struggles against the net.
You hit the scorpion.
The scorpion is moderately wounded.
The scorpion struggles against the net.
You hit the scorpion but do no damage.
The scorpion is moderately wounded.
The scorpion struggles against the net.
The net rips apart, and the scorpion comes free!
The scorpion stings you but does no damage.
You hit the scorpion.
The scorpion is severely wounded.
The scorpion closely misses you.
You hit the scorpion.
The scorpion is severely wounded.
The scorpion misses you. The scorpion stings you.
* * * LOW HITPOINT WARNING * * *
You are lethally poisoned!
The scorpion poisons you!
You hit the scorpion. You punch the scorpion.
The scorpion is almost dead.
You die...

# ##### #.
##...##
#..#.....#
#...s....#
#.@...#
##..<##
##.## #.#
#.# ..#
###


You could see a scorpion.

Vanquished Creatures
  A scorpion (D:4)
  2 hounds (D:4)
  An orc priest (D:3)
  Robin (D:3)
  An adder (D:4)
  2 gnolls (D:4)
  A dart slug (D:1)
  3 orcs (D:3)
  4 endoplasms
  A giant cockroach (D:2)
  9 goblins
  7 hobgoblins
  11 jackals
  A quokka (D:1)
  5 ball pythons
  4 bats
  4 frilled lizards
  6 kobolds
  6 rats
70 creatures vanquished.

Notes
Turn   | Place    | Note
-------+----------+-------------------------------------------
     0 | D:1      | qeuew the Merfolk Gladiator began the quest for the Orb.
     0 | D:1      | Reached XP level 1. HP: 16/16 MP: 1/1
   154 | D:1      | Found a faded altar of an unknown god.
   207 | D:1      | Reached XP level 2. HP: 22/22 MP: 2/2
   570 | D:1      | Reached XP level 3. HP: 28/28 MP: 3/3
  1911 | D:3      | Noticed Robin
  1921 | D:3      | Killed Robin
  1922 | D:3      | Reached XP level 4. HP: 9/34 MP: 4/4
  2213 | D:3      | Reached skill level 1 in Armour
  2230 | D:3      | Reached skill level 5 in Long Blades
  2845 | D:3      | Found a runed translucent gate.
  2845 | D:3      | Found a runed translucent gate.
  2877 | D:3      | Noticed Icepheonix32's ghost (amateur DENe)
  2911 | D:3      | Found a runed translucent gate.
  3060 | D:3      | Found a sacrificial altar of Ru.
  3323 | D:4      | Reached skill level 5 in Dodging
  3323 | D:4      | Reached XP level 5. HP: 35/39 MP: 5/5
  3324 | D:4      | Identified the +3 hand axe of the Majestic God {vorpal,
                  | rElec rC- Will+++}
  3564 | D:4      | Reached XP level 6. HP: 22/46 MP: 6/6
  3843 | D:4      | HP: 1/46 [gnoll bouda/+0 whip (3)]
  3874 | D:4      | HP: 1/46 [frozen (3)]
  3916 | D:5      | Entered Level 5 of the Dungeon
  3924 | D:5      | Succumbed to a scorpion's poison

Illustrated notes

Levels and vault maps discovered:
D:1:      heliophobic_arrival_battle_scene, layout_loops_ring,
          hellmonk_ecumenical_altar_leap_of_faith
D:2:      layout_basic
D:3:      layout_loops_corners, nicolae_ru_path_of_blood, gammafunk_ghost_icy,
          uniq_robin
D:4:      layout_rooms, mainiacjoe_overflow_brackets, minmay_temple_entry_hall,
          serial_bayou_lagoon_a
D:5:      layout_loops_ring

Skill      XL: |  1  2  3  4  5 |
---------------+----------------+-----
Long Blades    | 4 5 |  5.6
Armour         | 1 2 |  2.5
Dodging        | 5 |  5.1
Fighting       | |  2.9
Throwing       | |  2.1
Stealth        | |  0.2

Action                   |  1- 3 |  4- 6 || total
-------------------------+-------+-------++-------
Melee: Long sword        |   128 |    99 ||   227
       Punch             |     3 |     1 ||     4
Throw: Throwing net      |       |     1 ||     1
  Use: Scroll            |     5 |     5 ||    10
       Potion            |     3 |     3 ||     6
 Stab: Sleeping          |     1 |       ||     1
Armor: Leather armour    |    27 |       ||    27
       Ring mail         |     2 |    36 ||    38
Dodge: Dodged            |    99 |    85 ||   184
